 Dungeon Crawl Stone Soup version 0.29.1-2-gbd0b4ee654 (webtiles) character file.

Game seed: 12666339891782810754

219 Godmorgon the Cudgeller (level 6, -2/47 HPs)
             Began as a Formicid Abyssal Knight on Oct 27, 2022.
             Was a Priest of Lugonu.
             Succumbed to a water moccasin's poison
             ... on level 4 of the Dungeon.
             The game lasted 00:11:51 (3220 turns).

Godmorgon the Cudgeller (Formicid Abyssal Knight)   Turns: 3220, Time: 00:11:52

Health: -2/47      AC:  7    Str: 18    XL:     6   Next: 17%
Magic:  7/7        EV: 10    Int: 14    God:    Lugonu [***...]
Gold:   236        SH:  0    Dex: 13    Spells: 5/5 levels left

rFire   . . .      SeeInvis +   a - +0 great mace
rCold   . . .      Faith    .   (no shield)
rNeg    . . .      Spirit   .   g - +0 ring mail
rPois   .          Reflect  .   (helmet unavailable)
rElec   .          Harm     .   (no cloak)
rCorr   .          Rampage  .   l - +0 pair of gloves
Will    .....                   h - +0 pair of boots
Stlth   +.........              (no amulet)
HPRegen 0.15/turn               (no ring)
MPRegen 0.10/turn               (no ring)

@: lethally poisoned (-2 -> -19), flying
A: permanent stasis, dig shafts and tunnels, antennae 3, four strong arms,
clever 1, inability to read after injury 1
a: Dig, Shaft Self, Renounce Religion, Depart the Abyss, Bend Space, Banish


You were on level 4 of the Dungeon.
You worshipped Lugonu.
Lugonu was most pleased with you.
You visited 1 branch of the dungeon, and saw 4 of its levels.
You visited the Abyss 1 time.

You collected 236 gold pieces.

Inventory:

Hand Weapons
 a - a +0 great mace (weapon)
 b - a +0 sling
 u - a +1 short sword of venom
Missiles
 n - 12 poisoned darts
 o - 3 boomerangs (quivered)
 r - 4 boomerangs of dispersal
Armour
 g - a +0 ring mail (worn)
 h - a +0 pair of boots (worn)
 l - a +0 pair of gloves (worn)
Magical Staves
 v - a staff of poison
Scrolls
 c - a scroll of fear {unknown}
 e - 6 scrolls of identify {unknown}
 i - a scroll of poison {unknown}
 m - a scroll of enchant weapon {unknown}
 p - a scroll of silence {unknown}
 q - a scroll of fog {unknown}
Potions
 f - a potion of invisibility {unknown}
 j - a potion of brilliance
 k - 3 potions of might
 t - a potion of curing {unknown}


   Skills:
 - Level 3.2 Fighting
 * Level 6.0 Maces & Flails
 - Level 2.1 Armour
 - Level 0.8 Dodging
 - Level 2.1 Invocations


You had 5 spell levels left.
You didn't know any spells.
Your spell library was empty.

Dungeon Overview and Level Annotations

Branches:
Dungeon (4/15)             Temple (0/1) D:4

Altars:


Innate Abilities, Weirdness & Mutations

You cannot be hasted, slowed, berserked, paralysed or teleported.
You can dig through walls and to a lower floor.
You have a pair of large antennae on your head. (SInv)
Your four strong arms can wield two-handed weapons with a shield.
Your mind is acute. (Int +4, Str/Dex -1)
You occasionally lose the ability to read scrolls when taking damage.


Message History

You see here a +0 dagger.
The gnoll attacks as you move away! The gnoll hits you but does no damage.
The gnoll attacks as you move away! The gnoll closely misses you.
A water moccasin comes into view.
The water moccasin hisses angrily.
The gnoll hits you from afar with a +0 spear.
The gnoll hits you with a +0 whip.
You closely miss the gnoll.
The gnoll is no longer moving quickly.
The gnoll barely misses you. The gnoll hits you but does no damage.
You hit the gnoll.
The gnoll is moderately wounded.
The gnoll is no longer moving quickly.
The gnoll hits you but does no damage. The gnoll barely misses you.
You closely miss the water moccasin. The gnoll misses you.
The gnoll hits you from afar with a +0 spear.
The water moccasin bites you! The gnoll barely misses you.
The gnoll hits you but does no damage. The water moccasin bites you.
You are poisoned.
The water moccasin poisons you!
You thump the water moccasin!
The water moccasin is heavily wounded.
You feel very sick. The water moccasin barely misses you.
The gnoll hits you from afar with a +0 spear.
The gnoll hits you with a +0 whip. The water moccasin bites you!
* * * LOW HITPOINT WARNING * * *
You are lethally poisoned!
The water moccasin poisons you!
It was a potion of mutation.
You feel extremely strange.
You occasionally lose the ability to read scrolls when taking damage.
You feel clever.
* * * LOW HITPOINT WARNING * * *
You feel very sick.
The gnoll is no longer moving quickly.
The gnoll closely misses you. The gnoll barely misses you.
The water moccasin bites you.
* * * LOW HITPOINT WARNING * * *
It was a potion of flight.
You feel very buoyant.
You fly up into the air.
You die...

..g...{#.#.##.#....#.#.#.#####
g......#.#.##.##.....#.#.#.##.
.gg....#......###....#.#.#.##.
...###.##.# #......#.#.#..
#......(.###......#.#...#
#.##..{gg..(#.#.......###
#.###g##.#.#.#.....### #.
#g##.#......>#.[..
#.###@##.......#.###..
#....S.....#..........
#.###.###########.[... #'#
#..... ... ####.< ... ##' ...
#. ..... #. #.


You could see a water moccasin, a gnoll bouda and 3 gnolls.

Vanquished Creatures
  A phantom (D:4)
  2 orc wizards (D:4)
  3 adders
  2 worms
  2 orcs (D:4)
  11 endoplasms
  2 giant cockroaches (D:1)
  9 goblins
  3 hobgoblins
  2 quokkas
  5 ball pythons
  3 bats
  4 frilled lizards
  9 kobolds
  5 rats
63 creatures vanquished.

Notes
Turn   | Place    | Note
-------+----------+-------------------------------------------
     0 | Abyss:1  | Godmorgon the Formicid Abyssal Knight began the quest for
                  | the Orb.
     0 | Abyss:1  | Reached XP level 1. HP: 18/18 MP: 2/2
     1 | D:1      | Escaped the Abyss
    65 | D:1      | Reached XP level 2. HP: 24/24 MP: 3/3
   197 | D:1      | Reached skill level 3 in Maces & Flails
   443 | D:1      | Reached XP level 3. HP: 26/29 MP: 4/4
   567 | D:2      | Reached *** piety under Lugonu
  1068 | D:2      | Reached skill level 4 in Maces & Flails
  1068 | D:2      | Reached XP level 4. HP: 27/35 MP: 5/5
  1564 | D:2      | Found a faded altar of an unknown god.
  1701 | D:3      | Identified the +1 robe of the Bard {+Blink rN+ rCorr Str-2}
  2337 | D:4      | Reached XP level 5. HP: 36/41 MP: 6/6
  2390 | D:4      | Reached skill level 5 in Maces & Flails
  2431 | D:4      | HP: 2/41 [poisoned by an orc]
  2812 | D:4      | Noticed a phantom
  2861 | D:4      | Killed a phantom
  2862 | D:4      | Reached skill level 6 in Maces & Flails
  2862 | D:4      | Reached XP level 6. HP: 19/47 MP: 7/7
  3073 | D:4      | Found a staircase to the Ecumenical Temple.
  3214 | D:4      | Noticed a water moccasin
  3219 | D:4      | Gained mutation: You occasionally lose the ability to read
                  | scrolls when taking damage. [potion of mutation]
  3219 | D:4      | Gained mutation: Your mind is acute. (Int +4, Str/Dex -1)
                  | [potion of mutation]
  3219 | D:4      | HP: 2/47 [water moccasin (5)]
  3220 | D:4      | Succumbed to a water moccasin's poison

Illustrated notes

Levels and vault maps discovered:
D:1:      scummos_arrival_checkerplants, layout_rooms
D:2:      layout_loops_ring, shapermc_ecumenical_altar_hornbeckon
D:3:      layout_rooms
D:4:      layout_basic, lemuel_temple_firewalk_b, minmay_close_crescents

Skill      XL: |  1  2  3  4  5 |
---------------+----------------+-----
Maces & Flails | 3 4 6 |  6.0
Fighting       | |  3.2
Armour         | |  2.1
Dodging        | |  0.8
Invocations    | |  2.1

Action                   |  1- 3 |  4- 6 || total
-------------------------+-------+-------++-------
Melee: Mace              |    67 |    27 ||    94
       Punch             |     1 |     1 ||     2
       Great mace        |       |    59 ||    59
Throw: Boomerang         |    15 |     4 ||    19
       Dart              |       |     3 ||     3
  Use: Potion            |       |     4 ||     4
Armor: Leather armour    |     4 |       ||     4
       Ring mail         |    14 |    41 ||    55
Dodge: Dodged            |    33 |    48 ||    81
